 Dungeon Crawl Stone Soup version 0.22-a0 (webtiles) character file.

37 Faca the Shield-Bearer (level 3, 0/30 HPs)
             Began as a Formicid Fighter on Jan 1, 2018.
             Slain by a worm (8 damage)
             ... on level 2 of the Dungeon.
             The game lasted 00:02:47 (792 turns).

Faca the Shield-Bearer (Formicid Fighter)            Turns: 792, Time: 00:02:47

Health: 0/30       AC: 10    Str: 20    XL:     3   Next: 62%
Magic:  3/3        EV:  8    Int:  7    God:
Gold:   70         SH:  9    Dex: 11    Spells: 2/2 levels left

rFire    . . .     SeeInvis +   a - +0 war axe
rCold    . . .     Gourm    .   c - +0 shield
rNeg     . . .     Faith    .   b - +0 scale mail
rPois    .         Spirit   .   (helmet unavailable)
rElec    .         Reflect  .   (no cloak)
rCorr    .         Harm     .   i - +2 pair of gloves
MR       .....                  (no boots)
Stlth    ..........             (no amulet)
HPRegen  0.10/turn              (no ring)
MPRegen  0.08/turn              (no ring)

@: no status effects
A: permanent stasis, dig shafts and tunnels, four strong arms, antennae 3
a: Dig, Shaft Self


You were on level 2 of the Dungeon.
You were not hungry.

You visited 1 branch of the dungeon, and saw 2 of its levels.

You collected 70 gold pieces.

Inventory:

Hand Weapons
 a - a +0 war axe (weapon)
 j - a +0 hunting sling
Missiles
 g - 39 stones (quivered)
 k - 41 sling bullets
Armour
 b - a +0 scale mail (worn)
 c - a +0 shield (worn)
 i - a +2 pair of gloves (worn)
Scrolls
 e - a scroll of identify
Potions
 d - 2 potions of might
 h - 2 potions of brilliance
Comestibles
 f - 3 rations


   Skills:
 + Level 3.7 Fighting
 + Level 2.7 Axes
 + Level 3.6 Armour
 + Level 0.3 Dodging
 + Level 3.9 Shields


You had 2 spell levels left.
You didn't know any spells.

Dungeon Overview and Level Annotations

Branches:
Dungeon (1/15)

Altars:


Innate Abilities, Weirdness & Mutations

You cannot be hasted, slowed, berserked, paralysed or teleported.
You can dig through walls and to a lower floor.
Your four strong arms can wield two-handed weapons with a shield.
You have a pair of large antennae on your head. (SInv)


Message History

Found a stone staircase leading down.
You hit the worm.
The worm is lightly wounded.
You block the worm's attack.
You barely miss the worm. The worm bites you but does no damage.
You hit the worm.
The worm is lightly wounded.
You closely miss the leopard gecko. You block the leopard gecko's attack.
The worm bites you.
* * * LOW HITPOINT WARNING * * *
The leopard gecko bites you but does no damage.
You closely miss the leopard gecko.
Your scale mail prevents you from hitting the worm.
You block the leopard gecko's attack. You block the worm's attack.
You block the leopard gecko's attack.
You miss the leopard gecko. The leopard gecko barely misses you.
You miss the leopard gecko. You barely miss the worm.
You block the leopard gecko's attack. The leopard gecko closely misses you.
The worm bites you!
You die...

#. #.#............
###.##.#.###..##....
##........####.......
.......#......###...
..................
.................#
.................#
........wl.......#
.........@........
.$................
..................
.................
##.....##........
###### ######... ...
..


You could see a worm and a leopard gecko.

Vanquished Creatures
  2 adders (D:2)
  3 hobgoblins
  5 kobolds
  4 bats
  3 goblins (D:1)
  5 rats (D:1)
22 creatures vanquished.

Notes
Turn   | Place    | Note
-------+----------+-------------------------------------------
     0 | D:1      | Faca the Formicid Fighter began the quest for the Orb.
     0 | D:1      | Reached XP level 1. HP: 18/18 MP: 1/1
   182 | D:1      | Reached XP level 2. HP: 24/24 MP: 2/2
   709 | D:1      | You fall through a shaft!
   732 | D:2      | Reached XP level 3. HP: 10/30 MP: 3/3
   792 | D:2      | Slain by a worm

Vault maps used:
D:1:      kennysheep_arrival_seaside
D:2:      old_standard_altar

Action                   || total
-------------------------++-------
Melee: War axe           ||    82
  Use: Scroll            ||     2
       Potion            ||     1
Armor: Scale mail        ||    50
Dodge: Dodged            ||    38
Block: Shield            ||    47

Table legend:
 A = Spawn XP
 B = Non-spawn XP
 C = Spawn XP percentage of total XP
 D = Spawn monster count
 E = Non-spawn monster count
 F = Spawn count percentage of total count
 G = Total turns spent on level
                    A         B        C        D         E        F      G
               +---------+---------+-------+---------+---------+-------+---------
         Total |       0 |      54 |   0.0 |       0 |      22 |   0.0 |   792
               +---------+---------+-------+---------+---------+-------+---------
           D:1 |       0 |      24 |   0.0 |       0 |      17 |   0.0 |   709
           D:2 |       0 |      30 |   0.0 |       0 |       5 |   0.0 |    83
               +---------+---------+-------+---------+---------+-------+---------
